 Dungeon Crawl Stone Soup version bcrawl-1.38.2 (webtiles) character file.

Game seed: 17351820354498490061

155238 izumii3 the Skirmisher (level 5, -5/50 HPs)
             Began as a Deep Dwarf Berserker on May 5, 2023.
             Was a Believer of Trog.
             Killed from afar by an orc wizard (12 damage)
             ... with a puff of flame
             ... on level 3 of the Dungeon.
             The game lasted 00:08:33 (2438 turns).

izumii3 the Skirmisher (Deep Dwarf Berserker)       Turns: 2438, Time: 00:08:33

Health: -5/50      AC:  8    Str: 22    XL:     5   Next: 30%
Magic:  5/5        EV: 11    Int:  7    God:    Trog [**....]
Gold:   198        SH:  0    Dex: 12    Spells: 4/4 levels left

rFire    . . .     GDR:     27% d - +0 short sword (speed)
rCold    . . .     SeeInvis .   (no shield)
rNeg     . . .     Gourm    .   h - +0 scale mail
rPois    .         Faith    .   (no helmet)
rElec    .         Spirit   .   (no cloak)
rCorr    .         Reflect  .   (no gloves)
MR       .....                  m - +0 pair of boots
Stlth    ..........             (no amulet)
HPRegen  0.80/turn              (no ring)
MPRegen  0.09/turn              (no ring)

@: non-regenerating
A: damage resistance, sense surroundings 1, no regeneration
a: Berserk, Trog's Hand, Renounce Religion


You were on level 3 of the Dungeon.
You worshipped Trog.
Trog was pleased with you.
You were not hungry.

You visited 1 branch of the dungeon, and saw 3 of its levels.

You collected 198 gold pieces.

Inventory:

Hand Weapons
 a - a +0 hand axe
 d - a +0 short sword of speed (weapon)
 s - a +2 vampiric short sword
Armour
 b - a +0 animal skin
 f - a +0 ring mail
 h - a +0 scale mail (worn)
 m - a +0 pair of boots (worn)
 q - a +0 cloak
Wands
 r - a wand of iceblast (6)
 v - a wand of charming (4)
Scrolls
 i - 6 scrolls of identify
 j - a scroll of teleportation {unknown}
 l - a scroll of remove curse {unknown}
 o - 2 scrolls of blinking {unknown}
 p - a scroll of fog {unknown}
Potions
 c - a potion of lignification {unknown}
 g - a potion of might {unknown}
 k - a potion of degeneration {unknown}
 n - a potion of cancellation {unknown}
 t - a potion of magic {unknown}
 u - a potion of curing {unknown}
 w - a potion of mutation {unknown}
Comestibles
 e - 9 rations {!d}


   Skills:
 * Level 4.1 Fighting
 + Level 1.9 Short Blades
 - Level 3.7 Axes
 * Level 3.5 Armour
 * Level 3.1 Dodging


You had 4 spell levels left.
You didn't know any spells.
Your spell library was empty.

Dungeon Overview and Level Annotations

Branches:
Dungeon (3/12)

Altars:
Lugonu

Annotations:
D:3 1 transporter


Innate Abilities, Weirdness & Mutations

You are resistant to damage.
You passively map a small area around you.
You do not regenerate.


Message History

The orc priest hits you but does no damage.
The orc wizard hits you but does no damage.
You hit the orc priest but do no damage.
The orc priest is severely wounded.
The orc hits you but does no damage.
The orc priest mumbles some strange prayers to Beogh against you.
Pain shoots through your body!
* * * LOW HITPOINT WARNING * * *
You hit the orc priest.
You kill the orc priest!
Trog accepts your kill.
You hit the orc wizard but do no damage.
The orc wizard hits you but does no damage.
You barely miss the orc wizard.
The orc wizard hits you with a +0 dagger.
You barely miss the orc wizard.
You feel the effects of Trog's Hand fading.
The orc wizard casts a spell at you. The puff of flame hits you!
You die...

*################ ,
..............####*
*#...#............ ,,
#...#............
#..o#........... *
#.ooo@...###.###
#.oo#..........# * *
#..o#..........# , ,
#...#..........# *
#...#..........# , *,
#...#..........# *,
,....#..........# , ,
*
.#...#..........####
,,
..######............#


You could see 2 orc wizards and 4 orcs.

Vanquished Creatures
  An orc priest (D:3)
  Terence (D:3)
  Natasha (D:3)
  An ooze (D:1)
  5 worms
  3 dart slugs
  4 leopard geckos
  An orc (D:3)
  2 giant cockroaches
  5 goblins
  6 hobgoblins
  4 jackals (D:3)
  2 quokkas (D:2)
  7 bats
  4 frilled lizards
  7 kobolds
  8 rats
62 creatures vanquished.

Notes
Turn   | Place    | Note
-------+----------+-------------------------------------------
     0 | D:1      | izumii3 the Deep Dwarf Berserker began the quest for the
                  | Orb.
     0 | D:1      | Reached XP level 1. HP: 21/21 MP: 1/1
   138 | D:1      | Reached XP level 2. HP: 28/28 MP: 2/2
   608 | D:1      | Reached XP level 3. HP: 26/34 MP: 3/3
   613 | D:1      | Reached ** piety under Trog
   935 | D:2      | Found a corrupted altar of Lugonu.
  1842 | D:2      | Reached XP level 4. HP: 28/44 MP: 4/4
  2085 | D:3      | Reached skill level 1 in Short Blades
  2110 | D:3      | Found a transporter.
  2162 | D:3      | Noticed Terence
  2171 | D:3      | Killed Terence
  2172 | D:3      | Reached skill level 4 in Fighting
  2370 | D:3      | Noticed Natasha
  2377 | D:3      | Killed Natasha
  2378 | D:3      | Reached XP level 5. HP: 31/50 MP: 5/5
  2438 | D:3      | Killed from afar by an orc wizard

Skill      XL: |  1  2  3  4 |
---------------+-------------+-----
Short Blades   | 1 |  1.9
Armour         | 3 |  3.5
Fighting       | 4 |  4.1
Dodging        | 3 |  3.1
Axes           | |  3.7

Action                   |  1- 3 |  4- 6 || total
-------------------------+-------+-------++-------
Melee: Hand axe          |    50 |       ||    50
       Short sword       |   178 |    95 ||   273
Invok: Trog's Hand       |     1 |     2 ||     3
       Berserk           |       |     2 ||     2
  Use: Potion            |     1 |       ||     1
  Eat: Chunk             |     7 |     6 ||    13
Armor: Animal skin       |     3 |       ||     3
       Scale mail        |    74 |    36 ||   110
Dodge: Dodged            |    90 |    56 ||   146
